 Dungeon Crawl Stone Soup version 0.27-a0-1319-geec4fb4e21 (webtiles) character file.

Game seed: 16757443392077400788

170 Shayle the Magician (level 5, 0/40 HPs)
             Began as a Djinni Necromancer on June 22, 2021.
             Slain by a hobgoblin (2 damage)
             ... led by Robin
             ... on level 4 of the Dungeon.
             The game lasted 00:10:16 (4519 turns).

Shayle the Magician (Djinni Necromancer)            Turns: 4519, Time: 00:10:17

Health: 0/40       AC:  2    Str:  7    XL:     5   Next: 80%
Gold:   114        EV: 13    Int: 17    God:
                   SH:  0    Dex: 14

rFire    + + .     SeeInvis .   e - +0 short sword
rCold    x . .     Faith    .   (no shield)
rNeg     . . .     Spirit   .   a - +0 robe
rPois    ∞         Reflect  .   (no helmet)
rElec    .         Harm     .   (no cloak)
rCorr    .         Rampage  .   (no gloves)
Will     .....                  (boots unavailable)
Stlth    ++........             (no amulet)
HPRegen  0.13/turn              (no ring)
MPRegen  0.00/turn              (no ring)

@: about to teleport, attractive, flying
A: sickness immunity, fire resistance 2, cold vulnerability 1, float, innate
caster, hp casting, extra vitality 1
a: no special abilities


You were on level 4 of the Dungeon.
You visited 1 branch of the dungeon, and saw 4 of its levels.

You collected 114 gold pieces.

Inventory:

Hand Weapons
 e - a +0 short sword (weapon)
Armour
 a - a +0 robe (worn)
Wands
 j - a wand of flame (11)
Scrolls
 b - 2 scrolls of enchant weapon {unknown}
 c - a scroll of amnesia {unknown}
 d - 2 scrolls of teleportation
 g - 3 scrolls of identify
 h - a scroll of immolation {unknown}
 i - a scroll of torment {unknown}


   Skills:
 * Level 3.4 Fighting
 + Level 3.5 Dodging
 - Level 1.5 Stealth
 + Level 3.8 Spellcasting


You couldn't memorise any spells.
You knew the following spells:

 Your Spells              Type           Power      Damage    Failure   Level
a - Pain                  Necr           64%        1d7       3%          1
b - Animate Skeleton      Necr           32%        N/A       3%          1
c - Vampiric Draining     Necr           8%         2d7       10%         3
d - Animate Dead          Necr           8%         N/A       32%         4
e - Agony                 Necr           16%        N/A       67%         5
f - Apportation           Tloc           32%        N/A       3%          1
g - Corpse Rot            Necr/Air       N/A        N/A       4%          2
Your spell library was empty.

Dungeon Overview and Level Annotations

Branches:
Dungeon (4/15)
 Temple: D:4-7

Altars:
Gozag
Makhleb

Annotations:
D:4 Robin


Innate Abilities, Weirdness & Mutations

You are immune to sickness and miasma.
You are immune to poison.
Your flesh is very heat resistant. (rF++)
You are vulnerable to cold. (rC-)
You float through the air rather than walking.
You learn spells naturally, not from books.
Your magical power is your life essence.
You have superior vitality. (+4 HP)


Message History

The goblin shouts!
A hobgoblin comes into view.
The hobgoblin shouts!
An orc comes into view. It is wielding a +0 flail.
The orc shouts!
An orc comes into view. It is wielding a +0 club.
The orc shouts!
A goblin comes into view. It is wielding a +0 club.
The goblin shouts!
A hobgoblin comes into view.
The hobgoblin shouts!
An orc comes into view. It is wielding a +0 dagger.
The orc shouts!
A goblin comes into view. It is wielding a +0 dagger.
The goblin shouts!
An orc comes into view.
It is wielding a +1 dagger of electrocution.
The orc shouts!
An adder skeleton comes into view.
A hobgoblin comes into view.
A goblin comes into view. It is wielding a +0 club. x2
A goblin comes into view. It is wielding a +0 dagger.
A goblin comes into view. It is wielding a +0 club.
A hobgoblin comes into view.
A goblin comes into view. It is wielding a +0 club.
An orc comes into view. It is wielding a +0 flail.
The orc closely misses you. x2
Robin of the Strong Arm comes into view.
They are wielding a +6 vorpal spear.
The orc shouts!
You hear a bark!
The hobgoblin is pulled toward you! The goblin is pulled toward you! x3
The orc is pulled toward you! The goblin is pulled toward you!
The hobgoblin is pulled toward you! x2
The adder skeleton is pulled toward you!
Robin is pulled toward you! The goblin is pulled toward you! x2
The hobgoblin is pulled toward you!
Found an inky potion and a robe.
You aren't carrying any potions.
As you read the scroll of teleportation, it crumbles to dust.
You feel strangely unstable.
The goblin shouts!
Robin shouts!
The hobgoblin hits you.
You die...

...............
.......###.....
.... ......#
...## ....
####..
.......... #...
#..##.....
...###. !.... .
....... .g. ...
.....oo#g#..###
.....Zo@ggggg.#
.....o.ogg.gg..
.........g.g...
.....####......
..... ..#...
[.#. ... .. . #
... . ....


You could see Robin, 5 orcs, 4 hobgoblins, 8 goblins and an adder skeleton.

Vanquished Creatures
  An orc priest (D:3)
  Terence (D:2)
  4 adders
  3 dart slugs
  7 orcs (D:3)
  7 ball pythons
  3 bats (D:1)
  6 endoplasms
  2 giant cockroaches
  4 goblins
  4 hobgoblins
  4 jackals (D:2)
  6 kobolds
  2 quokkas
  3 frilled lizards
  5 rats
62 creatures vanquished.

Vanquished Creatures (collateral kills)
  An orc (D:3)
  A ball python (D:3)
  A bat (D:2)
3 creatures vanquished.

Grand Total: 65 creatures vanquished

Notes
Turn   | Place    | Note
-------+----------+-------------------------------------------
     0 | D:1      | Shayle the Djinni Necromancer began the quest for the Orb.
     0 | D:1      | Reached XP level 1. HP: 15/15 MP: 0/0
   467 | D:1      | Reached XP level 2. HP: 20/22 MP: 0/0
   474 | D:1      | Reached skill level 1 in Fighting
  1501 | D:1      | Reached XP level 3. HP: 19/27 MP: 0/0
  1501 | D:1      | Learned a level 1 spell: Apportation
  2353 | D:2      | Noticed Terence
  2360 | D:2      | Killed Terence
  2361 | D:2      | Reached XP level 4. HP: 22/34 MP: 0/0
  3128 | D:2      | Found an opulent altar of Gozag.
  3449 | D:3      | Reached XP level 5. HP: 40/40 MP: 0/0
  3449 | D:3      | Learned a level 2 spell: Corpse Rot
  3610 | D:3      | Found a burning altar of Makhleb.
  4517 | D:4      | HP: 2/40 [ball python (3)]
  4518 | D:4      | Noticed Robin
  4519 | D:4      | Slain by a hobgoblin

Illustrated notes

Levels and vault maps discovered:
D:1:      dpeg_arrival_simpleton_b, layout_basic, minmay_pentomino_s4
D:2:      layout_loops_cross, basic_altar, kennysheep_crisscross, uniq_terence
D:3:      minmay_spotlight, layout_rooms, bloody_makhleb
D:4:      layout_cave_pools, uniq_robin

Skill      XL: |  1  2  3  4  5 |
---------------+----------------+-----
Fighting       | 1 2 3 |  3.4
Dodging        | 3 |  3.5
Stealth        | |  1.5
Spellcasting   | |  3.8

Action                   |  1- 3 |  4- 6 || total
-------------------------+-------+-------++-------
Melee: Short sword       |    22 |   129 ||   151
 Cast: Pain              |    43 |     5 ||    48
       Vampiric Draining |     3 |    19 ||    22
       Animate Skeleton  |       |     8 ||     8
  Use: Scroll            |       |     3 ||     3
       Potion            |       |     2 ||     2
 Stab: Sleeping          |     1 |     1 ||     2
Armor: Robe              |     4 |    26 ||    30
Dodge: Dodged            |    22 |   107 ||   129

Table legend: (Time is in decaauts)
 A = Elapsed time spent in this place.
 B = Non-inter-level travel time spent in this place.
 C = Inter-level travel time spent in this place.
 D = Time resting spent in this place.
 E = Time spent auto-exploring this place.
 F = Levels seen in this place.
 G = Mean time per level.
                   A        B        C        D        E       F      G
               +--------+--------+--------+--------+--------+-----+--------+
         Total |   4532 |   4480 |     52 |   1507 |   2299 |   4 | 1133.0 |
       Dungeon |   4532 |   4480 |     52 |   1507 |   2299 |   4 | 1133.0 |
               +--------+--------+--------+--------+--------+-----+--------+

Top non-repeatable levels by time:
     D:1: 1949 daAuts
     D:2: 1496 daAuts
     D:3: 1083 daAuts
     D:4: 4 daAuts
